 Dungeon Crawl Stone Soup version 0.29.1-15-g9cfb28693d (webtiles) character file.

Game seed: 11381650913338719919

597 DoomSlayer the Shooter (level 7, -25/51 HPs)
             Began as a Human Hunter on Mar 4, 2023.
             Was an Initiate of Nemelex Xobeh.
             Annihilated by an ogre
             ... wielding a +0 giant spiked club
              (30 damage)
             ... on level 5 of the Dungeon.
             The game lasted 00:10:23 (3213 turns).

DoomSlayer the Shooter (Human Hunter)               Turns: 3213, Time: 00:10:24

Health: -25/51     AC:  4    Str:  7 (10) XL:     7   Next: 68%
Magic:  9/9        EV: 12    Int: 14 (16) God:    Nemelex Xobeh [......]
Gold:   38         SH:  0    Dex: 15      Spells: 6/9 levels left

rFire   . . .      SeeInvis .   n - +3 mace (protect)
rCold   . . .      Faith    +   (no shield)
rNeg    . . .      Spirit   .   c - +1 leather armour
rPois   .          Reflect  .   (no helmet)
rElec   .          Harm     .   (no cloak)
rCorr   .          Rampage  .   (no gloves)
Will    .....                   (no boots)
Stlth   ++........              d - amulet of faith
HPRegen 0.17/turn               (no ring)
MPRegen 0.11/turn               (no ring)

@: no status effects
A: talons 1, clever 1
a: Renounce Religion, Draw Escape, Draw Destruction, Draw Summoning


You were on level 5 of the Dungeon.
You worshipped Nemelex Xobeh.
Nemelex Xobeh was noncommittal.
You visited 2 branches of the dungeon, and saw 6 of its levels.

You collected 90 gold pieces.
You paid 52 gold pieces to Gozag.

Inventory:

Hand Weapons
 l - a +1 vorpal shortbow
 n - a +3 mace of protection (weapon)
Missiles
 m - 3 atropa-tipped darts (quivered)
Armour
 c - a +1 leather armour (worn)
Jewellery
 d - an amulet of faith (around neck)
 f - a ring of see invisible
Scrolls
 a - a scroll of magic mapping {unknown}
 b - a scroll of teleportation
Potions
 e - a potion of degeneration
 h - a potion of resistance {unknown}
 i - 2 potions of mutation
 j - a potion of curing {unknown}


   Skills:
 * Level 2.7 Fighting
 * Level 1.6 Maces & Flails
 * Level 5.6 Ranged Weapons
 * Level 1.3 Throwing
 * Level 2.0 Armour
 * Level 2.7 Dodging
 * Level 2.3 Stealth
 * Level 1.7 Unarmed Combat
 * Level 1.7 Spellcasting
 * Level 1.7 Conjurations
 * Level 1.6 Earth Magic


You had 6 spell levels left.
You knew the following spells:

 Your Spells              Type           Power      Damage    Failure   Level
a - Stone Arrow           Conj/Erth      10%        3d7       47%         3

Your spell library contained the following spells:

 Spells                   Type           Power      Damage    Failure   Level
 Animate Armour           Summ/Erth      6%         N/A       94%         4
 Lehudib's Crystal Spear  Conj/Erth      2%         10d2      100%        8


Dungeon Overview and Level Annotations

Branches:
Dungeon (5/15)             Temple (1/1) D:5

Altars:
Ashenzari
Dithmenos
Elyvilon
Fedhas
Gozag
Hepliaklqana
Kikubaaqudgha
Nemelex Xobeh
Okawaru
Qazlal
Trog
Uskayaw
Vehumet
Xom
Zin
The Shining One

Shops:
D:1 :   D:2 (


Innate Abilities, Weirdness & Mutations

You have sharp toenails.
Your mind is acute. (Int +4, Str/Dex -1)


Message History

You hear a shout!
You hear a shout!
You hear a shout!
You hear a shout!
You hear a shout!
You hear a shout!
You hear a shout!
Found a stone staircase leading down.
You hear a shout!
You hear a shout!
You hear a shout!
You hear a shout!
Found a ring mail and a scroll of teleportation.
You hear a shout!
You hear a shout!
You hear a shout!
You see here a +0 ring mail.
b - a scroll of teleportation You hear a shout!
You hear a shout!
You hear a shout!
The ogre shouts!
The ogre rages.
The ogre closely misses you.
Your +3 mace of protection hums with potential!
n - a +3 mace of protection (weapon)
The ogre closely misses you.
You sock the ogre!
Your weapon exudes an aura of protection.
The ogre is moderately wounded.
The ogre barely misses you.
You barely miss the ogre. You claw the ogre.
The ogre is moderately wounded.
The ogre hits you with a +0 giant spiked club!! x2
* * * LOW HITPOINT WARNING * * *
Gozag petitions for your drink to fail.
The ogre hits you with a +0 giant spiked club!!
Ouch! That really hurt!
You die...
Your body disappears without a glow.

.## #####.# ..# #..
..############# #.# #.#
#.##.......[..#
#.###.###.##.########.# ##
........#.##.# #.# #.#
###.....#.##.##### #.# #.# #
#..............####.##.#
###.....#.##........#.#.#
........#.......@O.....##
#.###.#####...........#.##.#
#.###.# #.............>.#
......#####.........#.##.##
....................#.#.##
..#########............# ..#
#.####.######.# ..# #.# #.#
#. ..# #.# #.## ..


You could see an ogre (berserk, incited).

Vanquished Creatures
  2 ogres (D:5)
  A centaur (D:5)
  A phantom (D:4)
  A necrophage (D:5)
  A hound (D:4)
  2 iguanas (D:5)
  3 gnolls (D:5)
  7 adders
  An ufetubus (D:5)
  2 worms
  4 dart slugs
  3 orcs (D:5)
  3 endoplasms
  A giant cockroach (D:2)
  A goblin (D:4)
  3 kobolds
  A ball python (D:1)
  4 frilled lizards
  A rat (D:1)
42 creatures vanquished.

Vanquished Creatures (others)
  An iguana (D:5)
1 creature vanquished.

Grand Total: 43 creatures vanquished

Notes
Turn   | Place    | Note
-------+----------+-------------------------------------------
     0 | D:1      | DoomSlayer the Human Hunter began the quest for the Orb.
     0 | D:1      | Reached XP level 1. HP: 16/16 MP: 1/1
   250 | D:1      | Reached XP level 2. HP: 22/22 MP: 2/2
   276 | D:1      | Found Baen's Vocational Training.
   417 | D:2      | Found Uruexzo's Weapon Boutique.
   788 | D:2      | Reached XP level 3. HP: 27/27 MP: 3/3
   833 | D:3      | Identified a scroll of acquirement
   834 | D:3      | Acquired a +1 vorpal shortbow
   917 | D:3      | Learned a level 3 spell: Stone Arrow
  1020 | D:3      | Reached XP level 4. HP: 21/33 MP: 5/5
  1360 | D:4      | Noticed a phantom
  1377 | D:4      | Killed a phantom
  1378 | D:4      | Reached skill level 5 in Ranged Weapons
  1378 | D:4      | Reached skill level 1 in Armour
  1378 | D:4      | Reached skill level 1 in Unarmed Combat
  1378 | D:4      | Reached skill level 1 in Spellcasting
  1378 | D:4      | Reached XP level 5. HP: 21/39 MP: 6/6
  1549 | D:5      | Entered Level 5 of the Dungeon
  1553 | D:5      | Noticed an ogre
  1557 | D:5      | Reached skill level 1 in Conjurations
  1557 | D:5      | Reached XP level 6. HP: 41/46 MP: 7/7
  1566 | D:5      | Killed an ogre
  1567 | D:5      | Reached skill level 1 in Earth Magic
  1591 | D:5      | Reached skill level 1 in Maces & Flails
  1591 | D:5      | Reached skill level 1 in Throwing
  1591 | D:5      | Reached XP level 7. HP: 23/51 MP: 9/9
  1836 | D:5      | Found a staircase to the Ecumenical Temple.
  1879 | Temple   | Entered the Ecumenical Temple
  1945 | Temple   | Became a worshipper of Gozag Ym Sagoz the Greedy
  2082 | Temple   | Fell from the grace of Gozag
  2082 | Temple   | Became a worshipper of Nemelex Xobeh the Trickster
  2165 | D:5      | Gained mutation: Your mind is acute. (Int +4, Str/Dex -1)
                  | [potion of mutation]
  2165 | D:5      | Gained mutation: You have sharp toenails. [potion of
                  | mutation]
  3213 | D:5      | Annihilated by an ogre

Illustrated notes

Levels and vault maps discovered:
D:1:      dpeg_arrival_solitude, layout_loops_ring, serial_shops,
          nicolae_shop_competitors_out_of_business,
          shapermc_ecumenical_altar_notcrosses, nicolae_shop_vocational
D:2:      layout_loops_corners, serial_rivers, chequers_serial_rivers_room_b,
          chequers_serial_rivers_small_a, chequers_serial_rivers_small_3,
          chequers_serial_rivers_small_a, serial_shops,
          nicolae_shop_bloodbath_and_beyond
D:3:      layout_loops_ring, slow_altar_2, amcnicky_mini_rare_corridor_liquid,
          uniq_grinder, uniq_robin
D:4:      layout_basic
D:5:      layout_loops_ring, minmay_temple_entry_large_hall
Temple:   nicolae_temple_bog_church

Skill      XL: |  1  2  3  4  5  6  7 |
---------------+----------------------+-----
Ranged Weapons | 5 |  5.6
Armour         | 1 2 |  2.0
Unarmed Combat | 1 |  1.7
Spellcasting   | 1 |  1.7
Conjurations   | 1 |  1.7
Earth Magic    | 1 |  1.6
Maces & Flails | 1 |  1.6
Throwing       | 1 |  1.3
Stealth        | 2 |  2.3
Fighting       | |  2.7
Dodging        | |  2.7

Action                   |  1- 3 |  4- 6 |  7- 9 || total
-------------------------+-------+-------+-------++-------
Melee: Unarmed           |    19 |       |       ||    19
       Mace              |       |    26 |    45 ||    71
       Punch             |       |     1 |     1 ||     2
       Kick              |       |       |    13 ||    13
 Fire: Shortbow          |    46 |    14 |    11 ||    71
Throw: Dart              |       |     2 |       ||     2
  Use: Scroll            |     5 |     1 |     3 ||     9
       Potion            |     2 |       |     3 ||     5
 Stab: Invisible         |       |       |     2 ||     2
Armor: Leather armour    |     5 |    25 |    28 ||    58
       Skin              |    25 |       |       ||    25
Dodge: Dodged            |    17 |    28 |    71 ||   116
